 Dungeon Crawl Stone Soup version 0.27.1-3-gb3d3a73c9e (webtiles) character file.

Game seed: 1352144185562425672

6 Descartes the Sneak (level 2, -7/19 HPs)
             Began as a Formicid Wanderer on Oct 25, 2021.
             Mangled by a gnoll (8 damage)
             ... on level 1 of the Dungeon.
             The game lasted 00:00:58 (276 turns).

Descartes the Sneak (Formicid Wanderer)              Turns: 276, Time: 00:00:58

Health: -7/19      AC:  2    Str: 13    XL:     2   Next: 0%
Magic:  2/2        EV: 11    Int: 11    God:
Gold:   32         SH:  0    Dex: 13    Spells: 1/1 levels left

rFire    . . .     SeeInvis +   a - +2 dagger
rCold    . . .     Faith    .   (no shield)
rNeg     . . .     Spirit   .   e - +0 robe
rPois    .         Reflect  .   (helmet unavailable)
rElec    .         Harm     .   (no cloak)
rCorr    .         Rampage  .   (no gloves)
Will     .....                  (no boots)
Stlth    +++.......             (no amulet)
HPRegen  0.06/turn              (no ring)
MPRegen  0.08/turn              (no ring)

@: no status effects
A: permanent stasis, dig shafts and tunnels, antennae 3, four strong arms
a: Dig, Shaft Self


You were on level 1 of the Dungeon.
You visited 1 branch of the dungeon, and saw 1 of its levels.

You collected 32 gold pieces.

Inventory:

Hand Weapons
 a - a +2 dagger (weapon)
Armour
 e - a +0 robe (worn)
Potions
 b - a potion of heal wounds
 d - a potion of curing


   Skills:
 + Level 1.0 Polearms
 + Level 3.2 Armour
 + Level 1.0 Dodging
 + Level 5.3 Stealth
 + Level 1.1 Evocations


You had one spell level left.
You didn't know any spells.
Your spell library was empty.

Dungeon Overview and Level Annotations

Branches:
Dungeon (1/15)

Altars:


Innate Abilities, Weirdness & Mutations

You cannot be hasted, slowed, berserked, paralysed or teleported.
You can dig through walls and to a lower floor.
You have a pair of large antennae on your head. (SInv)
Your four strong arms can wield two-handed weapons with a shield.


Message History

You are too injured to fight recklessly!
You are too injured to fight recklessly!
You are too injured to fight recklessly!
You are too injured to fight recklessly!
You are too injured to fight recklessly!
You are too injured to fight recklessly!
You are too injured to fight recklessly!
You are too injured to fight recklessly!
You are too injured to fight recklessly!
You are too injured to fight recklessly!
You are too injured to fight recklessly!
You are too injured to fight recklessly!
You are too injured to fight recklessly!
You are too injured to fight recklessly!
You are too injured to fight recklessly!
You are too injured to fight recklessly!
You are too injured to fight recklessly!
You are too injured to fight recklessly!
You are too injured to fight recklessly!
You are too injured to fight recklessly!
You are too injured to fight recklessly!
You are too injured to fight recklessly!
You are too injured to fight recklessly!
Unknown command.
You hit the gnoll.
The gnoll is moderately wounded.
The gnoll hits you with a +0 club. The dart slug launches a dart at you.
The slug dart misses you.
You hit the gnoll.
The gnoll is heavily wounded.
A ball python comes into view.
The gnoll hits you with a +0 club.
* * * LOW HITPOINT WARNING * * *
The dart slug closely misses you.
The ball python hisses angrily.
You hit the gnoll.
The gnoll is severely wounded.
The gnoll hits you with a +0 club!
You die...

#..## ##.#####..#####...##..
##..#####.# #......'.>.'...
#.†.......####..######...##..
#...............# ##### #
#......).(.....## {#Z#
#...........### ###
#.........#.## #.........#..#
#...........@#
#..........#wg.K..#
#######...#.....###
#.....#...... #...#.........
#...... ....... #.)# .#
....... ..( .. .......


You could see a gnoll, a dart slug and a kobold.

Vanquished Creatures
  2 ball pythons (D:1)
  An endoplasm (D:1)
  A giant cockroach (D:1)
  A hobgoblin (D:1)
5 creatures vanquished.

Notes
Turn   | Place    | Note
-------+----------+-------------------------------------------
     0 | D:1      | Descartes the Formicid Wanderer began the quest for the
                  | Orb.
     0 | D:1      | Descartes set off with the following items: a +2 dagger, a
                  | potion of heal wounds, a +0 short sword, a potion of
                  | curing, a +0 robe
     0 | D:1      | Reached XP level 1. HP: 13/13 MP: 1/1
     9 | D:1      | Noticed a minotaur zombie
    21 | D:1      | Noticed a minotaur zombie
    49 | D:1      | Reached skill level 5 in Stealth
   270 | D:1      | Reached XP level 2. HP: 11/19 MP: 2/2
   276 | D:1      | Mangled by a gnoll

Illustrated notes

Levels and vault maps discovered:
D:1:      shiori_arrival_whats_in_store_for_you, layout_rooms,
          shapermc_ecumenical_altar_mp_vishouse, chequers_serial_rivers_small_b

Skill      XL: |  1 |
---------------+----+-----
Stealth        | 5 |  5.3
Polearms       | |  1.0
Armour         | |  3.2
Dodging        | |  1.0
Evocations     | |  1.1

Action                   || total
-------------------------++-------
Melee: Dagger            ||    19
 Abil: Dig               ||     2
 Stab: Sleeping          ||     1
Armor: Robe              ||     4
Dodge: Dodged            ||     7
